 Dungeon Crawl Stone Soup version 0.29-a0-857-g9b1aa3ac5b (webtiles) character file.

Game seed: 10862540789587250203

1729 Kam the Basher (level 8, -5/71 HPs)
             Began as a Minotaur Fighter on July 16, 2022.
             Was a Priest of Nemelex Xobeh.
             Engulfed by a steam dragon's steam (9 damage)
             ... on level 6 of the Dungeon.
             The game lasted 00:26:38 (7640 turns).

Kam the Basher (Minotaur Fighter)                   Turns: 7640, Time: 00:26:39

Health: -5/71      AC: 11    Str: 24    XL:     8   Next: 76%
Magic:  7/8        EV: 11    Int:  5    God:    Nemelex Xobeh [***...]
Gold:   291        SH:  0    Dex:  9    Spells: 7/7 levels left

rFire   . . .      SeeInvis .   E - +3 battleaxe
rCold   . . .      Faith    .   (shield currently unavailable)
rNeg    . . .      Spirit   .   u - quicksilver dragon scales
rPois   .          Reflect  .   (helmet restricted)
rElec   .          Harm     .   (no cloak)
rCorr   +          Rampage  .   (no gloves)
Will    +....                   (no boots)
Stlth   +.........              (no amulet)
HPRegen 0.21/turn               w - ring of resist corrosion
MPRegen 0.11/turn               (no ring)

@: no status effects
A: horns 2, retaliatory headbutt
a: Renounce Religion, Draw Escape, Draw Destruction, Draw Summoning, Triple Draw


You were on level 6 of the Dungeon.
You worshipped Nemelex Xobeh.
Nemelex Xobeh was most pleased with you.
You visited 1 branch of the dungeon, and saw 7 of its levels.

You collected 291 gold pieces.

Inventory:

Hand Weapons
 q - a +0 scythe
 E - a +3 battleaxe (weapon)
Armour
 b - a +0 scale mail
 c - a +0 buckler
 u - quicksilver dragon scales (worn)
Jewellery
 j - a ring of protection from cold
 w - a ring of resist corrosion (left hand)
Wands
 p - a wand of polymorph (8)
Scrolls
 e - 2 scrolls of teleportation
 f - a scroll of immolation {unknown}
 i - 3 scrolls of enchant armour
 k - a scroll of magic mapping {unknown}
 l - a scroll of blinking {unknown}
 n - a scroll of summoning {unknown}
 s - 3 scrolls of amnesia
 t - a scroll of noise {unknown}
 v - a scroll of poison {unknown}
 y - a scroll of enchant weapon {unknown}
 D - a scroll of identify
Potions
 d - 3 potions of might
 g - 5 potions of curing
 h - 5 potions of heal wounds
 m - a potion of flight {unknown}
 o - a potion of degeneration {unknown}
 r - a potion of magic {unknown}
 x - a potion of brilliance {unknown}
 z - a potion of berserk rage {unknown}
 A - a potion of mutation {unknown}
 B - 2 potions of attraction {unknown}
 C - a potion of invisibility {unknown}


   Skills:
 + Level 6.5 Fighting
 + Level 0.1(5.5) Axes
 + Level 8.9 Maces & Flails
 + Level 6.9 Armour
 - Level 3.0 Dodging
 - Level 1.1 Stealth
 + Level 5.4 Shields
 * Level 2.4 Invocations


You had 7 spell levels left.
You didn't know any spells.
Your spell library contained the following spells:

 Spells                   Type           Power      Damage    Failure   Level
 Apportation              Tloc           0%         N/A       61%         1
 Necrotise                Necr           0%         1d4       61%         1
 Summon Small Mammal      Summ           0%         N/A       61%         1
 Conjure Flame            Conj/Fire      0%         6-21      93%         3
 Ignite Poison            Fire/Tmut/Pois 0%         N/A       93%         3
 Olgreb's Toxic Radiance  Pois           0%         N/A       100%        4
 Sticky Flame             Conj/Fire      0%         2d3       100%        4
 Ozocubu's Refrigeration  Ice            0%         4d5       100%        7
 Ignition                 Fire           0%         3d3       100%        8


Dungeon Overview and Level Annotations

Branches:
Dungeon (7/15)             Temple (0/1) D:6

Altars:
Fedhas
Nemelex Xobeh
Ru
Uskayaw
Wu Jian
The Shining One


Innate Abilities, Weirdness & Mutations

You have a pair of horns on your head.
You reflexively headbutt those who attack you in melee.


Message History

You are engulfed in a cloud of scalding steam.
The hound bites you but does no damage. The steam dragon barely misses you.
The steam dragon claws you but does no damage.
The yak completely misses you.
The hound stops to sniff the ground.
The hound barely misses you. You furiously retaliate!
You headbutt the hound. The steam dragon completely misses you.
The steam dragon claws you but does no damage.
The yak barely misses you.
You draw a card...
You have drawn the Storm.
A mighty gale blasts forth from the card!
The steam dragon, the hound and the yak are blown away by the wind.
You hear violent peals of thunder!
You barely miss the hound. You headbutt the hound.
The hound is heavily wounded.
The hound barely misses you.
The hound pauses to sniff the ground.
The hound bites you.
You slice the hound!!
You kill the hound!
You hit the yak. The yak barely misses you. The yak gores you!
* * * LOW HITPOINT WARNING * * *
The yak attacks as you move away! The yak closely misses you.
The yak attacks as you move away! The yak gores you.
* * * LOW HITPOINT WARNING * * *
The steam dragon bites you but does no damage.
The steam dragon claws you.
* * * LOW HITPOINT WARNING * * *
You barely miss the yak. Your headbutt misses the yak.
The yak is lightly wounded.
You closely miss the steam dragon. The steam dragon breathes steam at you.
The ball of steam misses you. The yak completely misses you.
You furiously retaliate!
You headbutt the yak, but do no damage. You barely miss the yak.
The yak is lightly wounded.
You closely miss the steam dragon.
You are engulfed in a cloud of scalding steam.
You die...
Your body disappears without a glow.

#..# #.#.##.## #.# # ##..#
#.#.##.# #.# # ....# #.#)##.# #.#
# ##..### #.#)##.# #.# # ......##
#.#.##.#####.# #
.#.....#########.#..........# #
................>.....####### #
?#.....####.###DY##...###########
###...## #)# #.@......).........
# ###.# #.# #.###...########### #
#.# #.# #.# ##.## ##.## #.# #.#
#.# ####...## #.###.# #.#
..#.#.#.###.....# #.#
...............## #.#
#.#.###.######.#####.# #.##.#.##
#.......#


You could see a yak and a steam dragon (catching breath).

Vanquished Creatures
  Sigmund (D:2)
  A sky beast (D:6)
  A water moccasin (D:5)
  An orc warrior (D:6)
  3 ice beasts
  A black bear (D:5)
  An ogre (D:2)
  A centaur (D:6)
  A phantom (D:5)
  A necrophage (D:5)
  A scorpion (D:6)
  3 wights (D:6)
  2 orc priests (D:6)
  2 hounds
  A jelly (D:5)
  An iguana (D:6)
  An orc wizard (D:6)
  8 adders
  A shadow imp (D:6)
  A white imp (D:6)
  A worm (D:4)
  4 dart slugs
  17 orcs
  8 ball pythons
  6 endoplasms
  2 giant cockroaches (D:1)
  7 goblins
  6 hobgoblins
  3 jackals (D:2)
  5 kobolds
  4 quokkas
  4 bats
  4 frilled lizards
  4 rats
108 creatures vanquished.

Vanquished Creatures (others)
  A plant (D:4)
1 creature vanquished.

Grand Total: 109 creatures vanquished

Notes
Turn   | Place    | Note
-------+----------+-------------------------------------------
     0 | D:1      | Kam the Minotaur Fighter began the quest for the Orb.
     0 | D:1      | Reached XP level 1. HP: 19/19 MP: 0/0
    45 | D:1      | Found a faded altar of an unknown god.
   157 | D:1      | Prayed at the altar of an unknown god.
   157 | D:1      | Became a worshipper of Nemelex Xobeh the Trickster
   157 | D:1      | Reached * piety under Nemelex Xobeh
   157 | D:1      | Received a gift from Nemelex Xobeh
   572 | D:1      | Reached XP level 2. HP: 27/27 MP: 1/1
  1087 | D:2      | Reached skill level 3 in Maces & Flails
  1089 | D:2      | Reached XP level 3. HP: 33/33 MP: 2/2
  1838 | D:2      | Noticed an ogre
  1851 | D:2      | Killed an ogre
  1852 | D:2      | Reached skill level 1 in Dodging
  1852 | D:2      | Reached XP level 4. HP: 9/41 MP: 3/3
  1852 | D:2      | Reached XP level 5. HP: 11/47 MP: 4/4
  2168 | D:2      | Reached skill level 4 in Maces & Flails
  2314 | D:2      | Reached ** piety under Nemelex Xobeh
  2391 | D:2      | Noticed Sigmund
  2452 | D:2      | Killed Sigmund
  2453 | D:2      | Reached skill level 5 in Armour
  2453 | D:2      | Reached XP level 6. HP: 15/55 MP: 5/5
  3459 | D:3      | You fall into a shaft and drop 2 floors!
  3459 | D:5      | Entered Level 5 of the Dungeon
  3474 | D:5      | Noticed a water moccasin
  3482 | D:5      | Killed a water moccasin
  3483 | D:5      | Reached skill level 5 in Fighting
  3483 | D:5      | Reached skill level 5 in Maces & Flails
  3719 | D:5      | Noticed an ice beast
  3744 | D:5      | Killed an ice beast
  3745 | D:5      | Reached XP level 7. HP: 32/61 MP: 6/6
  3945 | D:4      | Reached skill level 6 in Maces & Flails
  4367 | D:4      | Identified the +3 leather armour of Hairiness {Slay+2}
  4498 | D:4      | Found a glowing golden altar of the Shining One.
  4667 | D:4      | Found a sacrificial altar of Ru.
  5116 | D:5      | Reached skill level 5 in Shields
  5168 | D:5      | Reached *** piety under Nemelex Xobeh
  5229 | D:5      | Reached skill level 1 in Stealth
  5373 | D:5      | Found an ornate altar of the Wu Jian Council.
  5374 | D:5      | Found a hide-covered altar of Uskayaw.
  5375 | D:5      | Found a sparkling altar of Nemelex Xobeh.
  5385 | D:5      | Reached skill level 7 in Maces & Flails
  5693 | D:5      | Found a blossoming altar of Fedhas.
  5853 | D:6      | Reached XP level 8. HP: 70/70 MP: 7/7
  5888 | D:6      | Received a gift from Nemelex Xobeh
  6117 | D:6      | Reached skill level 8 in Maces & Flails
  6117 | D:6      | Reached skill level 1 in Invocations
  7033 | D:6      | Found a staircase to the Ecumenical Temple.
  7114 | D:6      | Reached **** piety under Nemelex Xobeh
  7114 | D:6      | Received a gift from Nemelex Xobeh
  7638 | D:6      | HP: 3/71 [steam dragon (4)]
  7640 | D:6      | Engulfed by a steam dragon's steam

Illustrated notes

Levels and vault maps discovered:
D:1:      dreamdust_arrival_sigmund_warning, layout_basic,
          ebering_ecumenical_altar_webs, grunt_decor_fettered
D:2:      layout_rooms, uniq_sigmund
D:3:      layout_basic
D:4:      layout_basic, tso_oasis_becter, hangedman_ru_absence,
          nicolae_eternal_life
D:5:      layout_rooms, lemuel_coloured_pillars_altar,
          grunt_temple_overflow_open
D:6:      layout_loops_ring, minmay_temple_entry_proselytizer,
          amethyst_killhole, chequers_serial_rivers_micro_c
D:7:      layout_layer_cave

Skill      XL: |  1  2  3  4  5  6  7  8 |
---------------+-------------------------+-----
Armour         | 4 5 6 |  6.9
Maces & Flails | 3 4 5 7 8 |  8.9
Shields        | 4 5 |  5.4
Fighting       | 4 5 6 |  6.5
Dodging        | 1 2 3 |  3.0
Stealth        | 1 |  1.1
Invocations    | 2 |  2.4
Axes           | |  0.1

Action                   |  1- 3 |  4- 6 |  7- 9 || total
-------------------------+-------+-------+-------++-------
Melee: Flail             |    78 |    87 |   126 ||   291
       Headbutt          |     9 |    12 |    19 ||    40
       Unarmed           |       |     3 |       ||     3
       Battleaxe         |       |       |     7 ||     7
Invok: Draw Destruction  |       |       |     4 ||     4
       Triple Draw       |       |       |     1 ||     1
  Use: Scroll            |       |       |     5 ||     5
Armor: Scale mail        |    46 |    21 |       ||    67
       Quicksilver drago |       |    18 |    58 ||    76
Dodge: Dodged            |    36 |    30 |    80 ||   146
Block: Buckler           |    30 |    15 |    24 ||    69

Table legend: (Time is in decaauts)
 A = Elapsed time spent in this place.
 B = Non-inter-level travel time spent in this place.
 C = Inter-level travel time spent in this place.
 D = Time resting spent in this place.
 E = Time spent auto-exploring this place.
 F = Levels seen in this place.
 G = Mean time per level.
                   A        B        C        D        E       F      G
               +--------+--------+--------+--------+--------+-----+--------+
         Total |   7678 |   7678 |      0 |   3021 |   3126 |   7 | 1096.9 |
       Dungeon |   7678 |   7678 |      0 |   3021 |   3126 |   7 | 1096.9 |
               +--------+--------+--------+--------+--------+-----+--------+

Top non-repeatable levels by time:
     D:6: 1827 daAuts
     D:2: 1732 daAuts
     D:5: 1150 daAuts
     D:4: 1119 daAuts
     D:1: 1090 daAuts
     D:3: 748 daAuts
     D:7: 10 daAuts
